 Dungeon Crawl Stone Soup version 0.25-a0-576-g50b708a4c4 (webtiles) character file.

Game seed: 5222236214855177076, levelgen mode: deterministic

16 95kv the Magician (level 2, 0/27 HPs)
             Began as an Octopode Wizard on Mar 1, 2020.
             Slain by a bat (1 damage)
             ... on level 1 of the Dungeon.
             The game lasted 00:04:09 (550 turns).

95kv the Magician (Octopode Wizard)                  Turns: 550, Time: 00:04:09

Health: 0/27       AC: 21    Str:  6    XL:     2   Next: 54%
Magic:  1/6        EV:  2    Int: 20    God:
Gold:   12         SH:  0    Dex: 10    Spells: 4/7 levels left

rFire    . . .     SeeInvis .   (no weapon)
rCold    . . .     Gourm    .   (no shield)
rNeg     + + +     Faith    .   (helmet currently unavailable)
rPois    +         Spirit   .   (no amulet)
rElec    .         Reflect  .   b - ring of resist corrosion
rCorr    +         Harm     .   (no ring)
MR       .....     NoTele   +   (no ring)
Stlth    ++........             (no ring)
HPRegen  0.09/turn              (no ring)
MPRegen  0.10/turn              (no ring)
                                (no ring)
                                (no ring)

@: tree-form, very slightly contaminated, invisible
A: almost no armour, stealthy swim, (amphibious), 8 rings, (constrict 8)
a: no special abilities


You were on level 1 of the Dungeon.
You were not hungry.
You were a tree.
You visited 1 branch of the dungeon, and saw 1 of its levels.

You collected 12 gold pieces.

Inventory:

Armour
 a - a +0 hat (melded)
Jewellery
 b - a ring of resist corrosion (left branch)
Scrolls
 h - a scroll of remove curse
Potions
 g - a potion of invisibility
Comestibles
 c - 2 rations
 f - 3 chunks of flesh


   Skills:
 * Level 0.7 Fighting
 * Level 2.2 Dodging
 * Level 3.1 Stealth
 * Level 3.1 Spellcasting
 * Level 1.3 Conjurations
   Level 1.0 Summonings
 - Level 1.0 Translocations


You had 4 spell levels left.
You knew the following spells:

 Your Spells              Type           Power        Failure   Level  Hunger
a - Magic Dart            Conj           #...         9%          1    None
b - Blink                 Tloc           N/A          14%         2    ##.....

Your spell library contained the following spells:

 Spells                   Type           Power        Failure   Level  Hunger
 Call Imp                 Summ           #.......     14%         2    ##.....
 Slow                     Hex            #.......     22%         2    ##.....
 Conjure Flame            Conj/Fire      #.......     32%         3    ###....
 Mephitic Cloud           Conj/Pois/Air  #.......     34%         3    ###....


Dungeon Overview and Level Annotations

Branches:
Dungeon (1/15)

Altars:


Innate Abilities, Weirdness & Mutations

You cannot wear most types of armour.
You are very stealthy in the water. (Stealth+)
((You are amphibious.))
You can wear up to eight rings at the same time.
((You can use your tentacles to constrict eight enemies at once.))
((Your skin changes colour to match your surroundings (Stealth+).))
((Your rubbery body absorbs attacks. (AC +1, EV +1)))


Message History

The leopard gecko bites you but does no damage.
Casting: Magic Dart (safe; 9% risk of failure)
Confirm with . or Enter, or press ? or * to list all spells.
You don't have enough magic to cast that spell.
Unknown command.
As you read the scroll labeled COUZIAS PEDEI, it crumbles to dust.
It is a scroll of identify.
h - a scroll of remove curse The bat hits you but does no damage.
The leopard gecko bites you.
* * * LOW HITPOINT WARNING * * *
As you read the scroll labeled UTOIJIMNAK, it crumbles to dust.
You feel a strange sense of stasis.
It was a scroll of teleportation.
The leopard gecko bites you but does no damage.
The bat hits you but does no damage.
The leopard gecko bites you but does no damage.
There are monsters nearby!
The bat hits you but does no damage.
The leopard gecko bites you but does no damage.
The bat hits you.
You die...

########### #.........#
##########...g♣....###### ####
#>...........lb.......... ...
#.#######[..........##########.
#.# #...........##.........
#.##### #.#+##....#.##.........
###..b..# #......##.#.##..)).....
#.......########.#..#.##...(.....
#.#.......... ..#.##.#...÷......
#+#.......... ........'..........


You could see a leopard gecko, a goblin and a bat.

Vanquished Creatures
  A dart slug (D:1)
  A ball python (D:1)
  2 bats (D:1)
  2 giant cockroaches (D:1)
  3 goblins (D:1)
  A kobold (D:1)
  2 frilled lizards (D:1)
12 creatures vanquished.

Notes
Turn   | Place    | Note
-------+----------+-------------------------------------------
     0 | D:1      | 95kv the Octopode Wizard began the quest for the Orb.
     0 | D:1      | Reached XP level 1. HP: 11/11 MP: 4/4
   312 | D:1      | Reached XP level 2. HP: 18/18 MP: 1/6
   431 | D:1      | Learned a level 2 spell: Blink
   547 | D:1      | HP: 1/27 [leopard gecko (1)]
   550 | D:1      | Slain by a bat

Levels and vault maps discovered:
D:1:      dpeg_arrival_brainrot, layout_basic

Skill      XL: |  1  2 |
---------------+-------+-----
Stealth        | 3 |  3.1
Fighting       | |  0.7
Dodging        | |  2.2
Spellcasting   | |  3.1
Conjurations   | |  1.3
Summonings     | |  1.0
Translocations | |  1.0

Action                   || total
-------------------------++-------
Melee: Unarmed           ||    10
       Constrict         ||     2
       Tentacles         ||     1
 Cast: Magic Dart        ||    33
  Use: Scroll            ||     2
       Potion            ||     2
Armor: Skin              ||    18
Dodge: Dodged            ||    31

Table legend:
 A = Non-vault XP
 B = Vault XP
 C = Vault XP percentage of total XP
 D = Non-vault monster count
 E = Vault monster count
 F = Vault count percentage of total count
                 A         B        C        D         E       F
            +---------+---------+-------+---------+---------+-------
      Total |      23 |       0 |   0.0 |      12 |       0 |   0.0
            +---------+---------+-------+---------+---------+-------
        D:1 |      23 |       0 |   0.0 |      12 |       0 |   0.0
            +---------+---------+-------+---------+---------+-------
